 Dungeon Crawl Stone Soup version 0.26-a0-255-gd5f3108e62 (webtiles) character file.

Game seed: 13078069948244032145

287 gruber the Conjurer (level 6, 0/36 HPs)
             Began as an Octopode Conjurer on July 9, 2020.
             Slain by Sigmund
             ... wielding a +3 scythe of flaming
              (1 damage)
             ... on level 4 of the Dungeon.
             The game lasted 00:03:32 (3672 turns).

gruber the Conjurer (Octopode Conjurer)             Turns: 3672, Time: 00:03:32

Health: 0/36       AC:  2    Str:  7    XL:     6   Next: 30%
Magic:  7/11       EV: 13    Int: 22    God:
Gold:   177        SH:  0    Dex: 10    Spells: 9/12 levels left

rFire    . . .     SeeInvis .   j - +1 dagger (speed)
rCold    . . .     Faith    .   (no shield)
rNeg     . . .     Spirit   .   f - +1 hat
rPois    .         Reflect  .   (no amulet)
rElec    .         Harm     .   (no ring)
rCorr    .                      (no ring)
MR       .....                  (no ring)
Stlth    +++.......             (no ring)
HPRegen  0.12/turn              (no ring)
MPRegen  0.12/turn              (no ring)
                                (no ring)
                                (no ring)

@: no status effects
A: almost no armour, stealthy swim, amphibious, 8 rings, constrict 8, camouflage
1, gelatinous body 1
a: no special abilities


You were on level 4 of the Dungeon.
You were not hungry.

You visited 1 branch of the dungeon, and saw 4 of its levels.

You collected 177 gold pieces.

Inventory:

Hand Weapons
 j - a +1 dagger of speed (weapon)
Armour
 f - a +1 hat (worn)
Scrolls
 a - 5 scrolls of identify {unknown}
 d - 2 scrolls of teleportation {unknown}
 e - a scroll of random uselessness {unknown}
 g - 2 scrolls of noise {unknown}
 i - a scroll of enchant weapon {unknown}
Potions
 c - a potion of degeneration {unknown}
 h - a potion of curing {unknown}
 k - a potion of brilliance {unknown}
 l - 2 potions of resistance {unknown}
Comestibles
 b - 5 rations


   Skills:
 - Level 2.0 Dodging
 - Level 2.6 Stealth
 + Level 3.8 Spellcasting
 + Level 6.3 Conjurations


You had 9 spell levels left.
You knew the following spells:

 Your Spells              Type           Power        Failure   Level
a - Magic Dart            Conj           ####         1%          1
b - Searing Ray           Conj           ####..       1%          2

Your spell library contained the following spells:

 Spells                   Type           Power        Failure   Level
 Dazzling Flash           Conj/Hex       ###...       10%         3
 Fulminant Prism          Conj/Hex       ###.......   30%         4
 Iskenderun's Mystic Bla  Conj/Tloc      ###.....     30%         4


Dungeon Overview and Level Annotations

Branches:
Dungeon (4/15)
 Temple: D:4-7

Altars:
Elyvilon
Nemelex Xobeh
Sif Muna

Annotations:
D:4 Ijyb, Sigmund


Innate Abilities, Weirdness & Mutations

You cannot wear most types of armour.
You are very stealthy in the water. (Stealth+)
You are amphibious.
You can wear up to eight rings at the same time.
You can use your tentacles to constrict eight enemies at once.
Your skin changes colour to match your surroundings (Stealth+).
Your rubbery body absorbs attacks. (AC +1, EV +1)


Message History

The giant cockroach bites you but does no damage.
The giant cockroach bites you.
* * * LOW HITPOINT WARNING * * *
Sigmund barely misses you.
You feel less confused.
The giant cockroach bites you but does no damage.
The giant cockroach misses you.
Casting: Searing Ray (safe; 1% risk of failure)
Confirm with . or Enter, or press ? or * to list all spells.
Aiming: Searing Ray (safe; 1% risk of failure)
Press: ? - help, Shift-Dir - straight line, f/p - Sigmund
Aim: Sigmund, wielding a +3 scythe of flaming and wearing a +0 robe (severely wounded, fast)
The searing ray hits the giant cockroach!
You kill the giant cockroach!
The searing ray misses Sigmund. (Press . to maintain the ray.) Sigmund hits you from afar with a +3 scythe of flaming.
* * * LOW HITPOINT WARNING * * *
Sigmund burns you.
You die...

#. #................ #.
###............... #.
###.................
##@###.###...............
#...#...#.......)........
#..#...#...#........######
#. ##.###@##........# #
###...##........#
######@##........#
#..#...#..##........#
#..................#
#........###########
##########


You could see Sigmund (fast).

Vanquished Creatures
  An ogre (D:4)
  Jessica (D:2)
  3 worker ants (D:4)
  3 adders
  A dart slug (D:1)
  3 worms
  4 orcs (D:3)
  2 giant cockroaches
  11 goblins
  4 hobgoblins
  6 jackals
  7 kobolds
  3 quokkas (D:3)
  12 bats
  6 frilled lizards
  5 rats
72 creatures vanquished.

Notes
Turn   | Place    | Note
-------+----------+-------------------------------------------
     0 | D:1      | gruber the Octopode Conjurer began the quest for the Orb.
     0 | D:1      | Reached XP level 1. HP: 11/11 MP: 3/3
   323 | D:1      | Reached XP level 2. HP: 16/17 MP: 0/5
   559 | D:1      | Learned a level 2 spell: Searing Ray
  1232 | D:2      | Reached XP level 3. HP: 19/21 MP: 0/6
  1397 | D:2      | Found a sparkling altar of Nemelex Xobeh.
  1436 | D:2      | Found a white marble altar of Elyvilon.
  1451 | D:2      | Reached skill level 5 in Conjurations
  1696 | D:2      | Noticed Jessica
  1698 | D:2      | Killed Jessica
  1698 | D:2      | Reached XP level 4. HP: 27/27 MP: 4/7
  2204 | D:2      | Found a shimmering blue altar of Sif Muna.
  3184 | D:4      | Reached XP level 5. HP: 31/31 MP: 6/9
  3498 | D:4      | Reached skill level 6 in Conjurations
  3532 | D:4      | Noticed an ogre
  3537 | D:4      | Killed an ogre
  3537 | D:4      | Reached XP level 6. HP: 30/36 MP: 0/11
  3538 | D:4      | Noticed Ijyb
  3657 | D:4      | Noticed Sigmund
  3672 | D:4      | HP: 1/36 [Sigmund/+3 scythe of flaming (2)]
  3672 | D:4      | Slain by Sigmund

Illustrated notes

Levels and vault maps discovered:
D:1:      saegor_arrival_under_anarchy, layout_basic
D:2:      layout_loops_ring, lemuel_blue_sif_altar, lemuel_round_altar,
          old_standard_altar, uniq_jessica
D:3:      layout_rooms, first_ration
D:4:      layout_basic, marbit_many_paths, minmay_between, uniq_ijyb,
          uniq_sigmund, uniq_menkaure

Skill      XL: |  1  2  3  4  5 |
---------------+----------------+-----
Conjurations   | 5 6 |  6.3
Spellcasting   | 3 |  3.8
Dodging        | |  2.0
Stealth        | |  2.6

Action                   |  1- 3 |  4- 6 || total
-------------------------+-------+-------++-------
Melee: Unarmed           |     9 |    11 ||    20
       Tentacles         |     3 |     4 ||     7
       Constrict         |     2 |     4 ||     6
       Dagger            |       |     5 ||     5
 Cast: Magic Dart        |    62 |    82 ||   144
       Searing Ray       |       |     3 ||     3
  Eat: Ration            |     1 |     2 ||     3
Armor: Skin              |     1 |     3 ||     4
Dodge: Dodged            |    11 |    13 ||    24

Table legend:
 A = Non-vault XP
 B = Vault XP
 C = Vault XP percentage of total XP
 D = Non-vault monster count
 E = Vault monster count
 F = Vault count percentage of total count
                 A         B        C        D         E       F
            +---------+---------+-------+---------+---------+-------
      Total |     372 |      39 |   9.5 |      70 |       2 |   2.8
            +---------+---------+-------+---------+---------+-------
        D:1 |      23 |       0 |   0.0 |      14 |       0 |   0.0
        D:2 |      59 |      37 |  38.5 |      29 |       1 |   3.3
        D:3 |      43 |       0 |   0.0 |      19 |       0 |   0.0
        D:4 |     247 |       2 |   0.8 |       8 |       1 |  11.1
            +---------+---------+-------+---------+---------+-------
